 Dungeon Crawl Stone Soup version 0.29-a0-284-gf9362112df (webtiles) character file.

Game seed: 7679207234397450329

83 bande the Covered (level 4, 0/28 HPs)
             Began as a Gargoyle Fighter on Mar 29, 2022.
             Was an Initiate of Okawaru.
             Slain by Edmund
             ... wielding a +3 dire flail of protection
              (7 damage)
             ... on level 3 of the Dungeon.
             The game lasted 00:05:59 (3033 turns).

bande the Covered (Gargoyle Fighter)                Turns: 3033, Time: 00:06:00

Health: 0/28       AC: 15    Str: 20    XL:     4   Next: 44%
Magic:  5/5        EV:  5    Int:  8    God:    Okawaru [......]
Gold:   191        SH:  4    Dex: 11    Spells: 3/3 levels left

rFire   . . .      SeeInvis .   a - +0 war axe
rCold   . . .      Faith    .   c - +0 buckler
rNeg    + . .      Spirit   .   i - +0 plate armour
rPois   ∞          Reflect  .   (no helmet)
rElec   +          Harm     .   (no cloak)
rCorr   .          Rampage  .   (no gloves)
Will    .....                   (no boots)
Stlth   ..........              (no amulet)
HPRegen 0.09/turn               (no ring)
MPRegen 0.09/turn               (no ring)

@: mighty
A: sickness immunity, AC +3, negative energy resistance 1, electricity
resistance, torment resistance 1, petrification resistance
a: Renounce Religion


You were on level 3 of the Dungeon.
You worshipped Okawaru.
Okawaru was noncommittal.
You visited 1 branch of the dungeon, and saw 4 of its levels.

You collected 191 gold pieces.

Inventory:

Hand Weapons
 a - a +0 war axe (weapon)
 e - a +0 flail
Armour
 c - a +0 buckler (worn)
 i - a +0 plate armour (worn)
Wands
 b - a wand of flame (17)
Potions
 f - a potion of magic
 g - a potion of ambrosia
 h - a potion of attraction {unknown}
 j - a potion of heal wounds {unknown}


   Skills:
 + Level 3.5 Fighting
 + Level 2.7 Axes
 + Level 3.9 Armour
 + Level 3.8 Shields
 * Level 1.4 Invocations
 * Level 0.2 Evocations


You had 3 spell levels left.
You didn't know any spells.
Your spell library contained the following spells:

 Spells                   Type           Power      Damage    Failure   Level
 Petrify                  Tmut/Erth      0%         N/A       100%        4
 Irradiate                Conj/Tmut      0%         3d13      100%        5
 Sublimation of Blood     Necr           Unusable   N/A       N/A         2

Dungeon Overview and Level Annotations

Branches:
Dungeon (4/15)
 Temple: D:4-7

Altars:
Okawaru

Annotations:
D:3 Edmund


Innate Abilities, Weirdness & Mutations

You are immune to sickness and miasma.
Your stone body is resilient. (AC +3)
You are immune to poison.
You resist negative energy. (rN+)
You are resistant to electric shocks. (rElec)
You are resistant to unholy torment.
You are immune to petrification.


Message History

Edmund the Younger comes into view.
He is wielding a +3 dire flail of protection and wearing a +4 scale mail of cold resistance.
Edmund shouts!
You see here a ball python corpse.
A gnoll comes into view. It is wielding a +0 whip.
The gnoll shouts!
Edmund hits you but does no damage.
You see here 14 gold pieces.
Edmund hits you with a +3 dire flail of protection!
Ouch! That really hurt!
You barely miss Edmund. You block Edmund's attack.
An endoplasm comes into view.
The endoplasm quivers.
Edmund hits you but does no damage.
There is a stone staircase leading up here.
Edmund hits you but does no damage.
The endoplasm jiggles.
You climb upwards.
There is a stone staircase leading down here.
You feel very mighty all of a sudden. You block Edmund's attack.
You slash Edmund!
Edmund is moderately wounded.
Edmund clears his throat.
Edmund closely misses you.
Edmund hits you with a +3 dire flail of protection.
You closely miss Edmund.
Edmund is moderately wounded.
Edmund hits you with a +3 dire flail of protection.
You barely miss Edmund.
Edmund is moderately wounded.
Edmund hits you with a +3 dire flail of protection.
* * * LOW HITPOINT WARNING * * *
You block Edmund's attack.
You slash Edmund!
Edmund is heavily wounded.
Edmund barely misses you.
You barely miss Edmund.
Edmund is heavily wounded.
Edmund hits you with a +3 dire flail of protection!
You die...

#.##..#♣.♣#....## #.....#.#
#.##..#P.P#..#######''####.#
#.....#8.8#.## #........#÷#
######..#P.P#.# #........#.#
........#♣.♣#)#####..####..#.#
######.##P.P#..##.'..####..'.#
#.##♣.♣##....'..####..'.#
#..#P.P###...#..####†.###
#..#♣.♣# #.@.#........#
#†.##.# #..@#........# #..##.#
###.####++#### #...#.#
#.......# #.....# #########
#...### #...# #...# #####


You could see Edmund.

Vanquished Creatures
  2 adders
  An ufetubus (D:2)
  A worm (D:3)
  5 bats
  4 endoplasms
  2 giant cockroaches (D:2)
  5 goblins
  3 hobgoblins
  8 jackals
  A kobold (D:2)
  3 quokkas
  7 ball pythons
  2 frilled lizards
  6 rats
50 creatures vanquished.

Notes
Turn   | Place    | Note
-------+----------+-------------------------------------------
     0 | D:1      | bande the Gargoyle Fighter began the quest for the Orb.
     0 | D:1      | Reached XP level 1. HP: 14/14 MP: 1/1
   340 | D:1      | Reached XP level 2. HP: 19/19 MP: 2/2
   947 | D:2      | Found an iron altar of Okawaru.
   970 | D:2      | Became a worshipper of Warmaster Okawaru
  1249 | D:2      | Found a faded altar of an unknown god.
  1375 | D:2      | Reached XP level 3. HP: 20/23 MP: 3/3
  1575 | D:2      | Reached skill level 1 in Invocations
  2333 | D:3      | Found Diutrena's Jewellery Shop.
  2349 | D:3      | Reached XP level 4. HP: 26/28 MP: 4/4
  3015 | D:4      | Noticed Edmund
  3033 | D:3      | Slain by Edmund

Illustrated notes

Levels and vault maps discovered:
D:1:      elethiomel_arrival_infinity_welcomes_careful_drivers,
          layout_loops_ring, roderic_serpentine_path
D:2:      layout_rooms, basic_ecumenical_altar, basic_altar
D:3:      layout_rooms, serial_shops, shop, minmay_misc_feat_diagonals,
          dreamdust_princess_corridor, kennysheep_generic_room_6
D:4:      layout_loops_ring, gammafunk_ghost_cemetery,
          kennysheep_generic_room_14, uniq_edmund

Skill      XL: |  1  2  3 |
---------------+----------+-----
Axes           | 2 |  2.7
Invocations    | 1 |  1.4
Fighting       | |  3.5
Armour         | |  3.9
Shields        | |  3.8
Evocations     | |  0.2

Action                   |  1- 3 |  4- 6 || total
-------------------------+-------+-------++-------
Melee: War axe           |   148 |    39 ||   187
  Use: Scroll            |     5 |     3 ||     8
       Potion            |       |     1 ||     1
Armor: Scale mail        |    48 |       ||    48
       Plate armour      |    48 |    33 ||    81
Dodge: Dodged            |    72 |    12 ||    84
Block: Buckler           |    39 |    15 ||    54

Table legend: (Time is in decaauts)
 A = Elapsed time spent in this place.
 B = Non-inter-level travel time spent in this place.
 C = Inter-level travel time spent in this place.
 D = Time resting spent in this place.
 E = Time spent auto-exploring this place.
 F = Levels seen in this place.
 G = Mean time per level.
                   A        B        C        D        E       F      G
               +--------+--------+--------+--------+--------+-----+--------+
         Total |   3111 |   3084 |     27 |    677 |   1782 |   4 |  777.8 |
       Dungeon |   3111 |   3084 |     27 |    677 |   1782 |   4 |  777.8 |
               +--------+--------+--------+--------+--------+-----+--------+

Top non-repeatable levels by time:
     D:3: 1155 daAuts
     D:1: 925 daAuts
     D:2: 924 daAuts
     D:4: 105 daAuts
